 Dungeon Crawl Stone Soup version 0.22.1-1-ga44c0e5 (webtiles) character file.

343 Garbasso the Charmwright (level 6, -3/51 HPs)
             Began as a Gnoll Skald on Oct 6, 2018.
             Slain by an orc
             ... wielding a +0 trident
              (5 damage)
             ... on level 4 of the Dungeon.
             The game lasted 00:12:41 (3905 turns).

Garbasso the Charmwright (Gnoll Skald)              Turns: 3905, Time: 00:12:42

Health: -3/51      AC:  4    Str: 14    XL:     6   Next: 57%
Magic:  7/14       EV: 14    Int: 16    God:
Gold:   202        SH:  0    Dex: 15    Spells: 4/15 levels left

rFire    . . .     SeeInvis .   a - +0 falchion
rCold    . . .     Gourm    .   (no shield)
rNeg     . . .     Faith    .   A - +0 troll leather armour {Purgy}
rPois    .         Spirit   .   (no helmet)
rElec    .         Reflect  .   (no cloak)
rCorr    .         Harm     .   (no gloves)
MR       .....                  (no boots)
Stlth    ++........             (no amulet)
HPRegen  0.57/turn              (no ring)
MPRegen  0.14/turn              (no ring)

@: singing
A: distributed training, fangs 1, strong nose
a: no special abilities


You were on level 4 of the Dungeon.
You were not hungry.

You visited 1 branch of the dungeon, and saw 4 of its levels.

You collected 202 gold pieces.

Inventory:

Hand Weapons
 a - a +0 falchion (weapon)
 b - a +0 blowgun
Missiles
 c - 2 javelins (quivered)
 t - 31 poisoned needles
Armour
 A - a +0 troll leather armour (worn) {Purgy}
Scrolls
 g - 3 scrolls of enchant weapon {unknown}
 j - 2 scrolls of identify
 k - a scroll of teleportation {unknown}
 n - a scroll of random uselessness {unknown}
 o - 4 scrolls of amnesia {unknown}
 q - a scroll of blinking {unknown}
 r - a scroll of noise {unknown}
 y - a scroll of magic mapping {unknown}
Potions
 e - a potion of brilliance
 h - a potion of resistance {unknown}
 l - a potion of invisibility {unknown}
 m - a potion of degeneration {unknown}
 p - a potion of flight {unknown}
 v - 2 potions of heal wounds {unknown}
 w - a potion of agility {unknown}
 x - a potion of might {unknown}
 z - a potion of magic {unknown}
Comestibles
 d - 10 rations
 u - 4 chunks of flesh


   Skills:
 + Level 5.0 Fighting
 + Level 2.0 Short Blades
 + Level 5.0 Long Blades
 + Level 2.0 Axes
 + Level 2.0 Maces & Flails
 + Level 2.0 Polearms
 + Level 2.0 Staves
 + Level 2.0 Slings
 + Level 2.0 Bows
 + Level 2.0 Crossbows
 + Level 2.0 Throwing
 + Level 3.2 Armour
 + Level 5.0 Dodging
 + Level 2.0 Stealth
 + Level 2.0 Shields
 + Level 2.0 Unarmed Combat
 + Level 5.4 Spellcasting
 + Level 1.5 Conjurations
 + Level 1.5 Hexes
 + Level 5.6 Charms
 + Level 1.5 Summonings
 + Level 1.5 Necromancy
 + Level 1.5 Translocations
 + Level 1.5 Transmutations
 + Level 1.5 Fire Magic
 + Level 1.5 Ice Magic
 + Level 1.5 Air Magic
 + Level 1.5 Earth Magic
 + Level 1.5 Poison Magic
 + Level 2.2 Invocations
 + Level 2.0 Evocations


You had 4 spell levels left.
You knew the following spells:

 Your Spells              Type           Power        Failure   Level  Hunger
a - Infusion              Chrm           ###.         1%          1    None
b - Shroud of Golubria    Chrm/Tloc      ###.......   6%          2    #......
c - Regeneration          Chrm/Necr      ###.......   12%         3    ###....
d - Song of Slaying       Chrm           ###.....     2%          2    #......
e - Spectral Weapon       Hex/Chrm       ###.....     12%         3    ###....

Your spell library contained the following spells:

 Spells                   Type           Power        Failure   Level  Hunger


Dungeon Overview and Level Annotations

Branches:
Dungeon (4/15)
 Temple: D:4-7

Altars:
Elyvilon
Fedhas
Gozag

Annotations:
D:4 Natasha


Innate Abilities, Weirdness & Mutations

Your experience applies equally to all skills.
You have very sharp teeth.
Your uncanny sense of smell can sniff out nearby items.


Message History

The iguana is moderately wounded.
You hear a shout!
Natasha stares at you and mumbles some strange words.
The magic dart hits you! The orc hits you with a trident.
* * * LOW HITPOINT WARNING * * *
Something unseen opens the door.
You hit the orc. You bite the orc, but do no damage.
The orc is heavily wounded.
You hear a shout!
The orc misses you.
You riposte.
You barely miss the orc.
The orc is heavily wounded.
The orc hits you but does no damage. The iguana bites you!
* * * LOW HITPOINT WARNING * * *
An orc comes into view. It is wielding a mace.
As you read the scroll labeled FATIEB WEXZAPN, it crumbles to dust.
It is a scroll of identify.
e - a potion of brilliance The orc misses you.
The orc hits you with a trident.
You die...

##...#>..'....................
['...+..##.....#...#.........#
##...#####....(#...#.#######.#
#...# #.....#..... # #...#
#.####..###.# #####
#.........o.# ∆ ∆
######..#.#.# #...##h.oo#
#.....#@# #......'l.#
###....#### #...... #.###.( #.
'.. ∆ ##.. ∆ '..


You could see an iguana, Natasha and 3 orcs.

Vanquished Creatures
  Purgy (D:4)
  A howler monkey (D:4)
  Natasha (D:4)
  A worker ant (D:4)
  6 adders
  3 worms (D:3)
  2 dart slugs (D:1)
  6 leopard geckos
  7 orcs (D:3)
  3 giant cockroaches
  5 goblins
  11 hobgoblins
  4 jackals
  7 kobolds
  A quokka (D:4)
  2 ball pythons (D:3)
  11 bats
  A frilled lizard (D:1)
  19 rats
92 creatures vanquished.

Notes
Turn   | Place    | Note
-------+----------+-------------------------------------------
     0 | D:1      | Garbasso the Gnoll Skald began the quest for the Orb.
     0 | D:1      | Reached XP level 1. HP: 20/20 MP: 6/6
   351 | D:1      | Reached XP level 2. HP: 26/26 MP: 2/7
   369 | D:1      | Learned a level 2 spell: Shroud of Golubria
   757 | D:1      | Reached XP level 3. HP: 23/31 MP: 6/9
   765 | D:1      | Learned a level 3 spell: Regeneration
   836 | D:1      | Reached skill level 5 in Spellcasting
   961 | D:2      | Found a blossoming altar of Fedhas.
   961 | D:2      | Found a white marble altar of Elyvilon.
  1012 | D:2      | Found an opulent altar of Gozag.
  1210 | D:2      | Reached skill level 1 in Invocations
  1466 | D:2      | Reached skill level 1 in Short Blades
  1466 | D:2      | Reached skill level 1 in Axes
  1466 | D:2      | Reached skill level 1 in Maces & Flails
  1466 | D:2      | Reached skill level 1 in Polearms
  1466 | D:2      | Reached skill level 1 in Staves
  1466 | D:2      | Reached skill level 1 in Slings
  1466 | D:2      | Reached skill level 1 in Bows
  1466 | D:2      | Reached skill level 1 in Crossbows
  1466 | D:2      | Reached skill level 1 in Throwing
  1466 | D:2      | Reached skill level 1 in Stealth
  1466 | D:2      | Reached skill level 1 in Shields
  1466 | D:2      | Reached skill level 1 in Unarmed Combat
  1466 | D:2      | Reached skill level 1 in Evocations
  1466 | D:2      | Reached XP level 4. HP: 17/38 MP: 8/11
  2038 | D:3      | Reached skill level 1 in Conjurations
  2038 | D:3      | Reached skill level 1 in Hexes
  2038 | D:3      | Reached skill level 1 in Summonings
  2038 | D:3      | Reached skill level 1 in Necromancy
  2038 | D:3      | Reached skill level 1 in Translocations
  2038 | D:3      | Reached skill level 1 in Transmutations
  2038 | D:3      | Reached skill level 1 in Fire Magic
  2038 | D:3      | Reached skill level 1 in Ice Magic
  2038 | D:3      | Reached skill level 1 in Air Magic
  2038 | D:3      | Reached skill level 1 in Earth Magic
  2038 | D:3      | Reached skill level 1 in Poison Magic
  2402 | D:3      | Reached XP level 5. HP: 43/43 MP: 8/12
  2409 | D:3      | Learned a level 2 spell: Song of Slaying
  2802 | D:3      | Learned a level 3 spell: Spectral Weapon
  2963 | D:3      | Found a faded altar of an unknown god.
  3567 | D:4      | Noticed Natasha
  3578 | D:4      | Killed Natasha
  3603 | D:4      | Noticed Natasha
  3727 | D:4      | Noticed Purgy
  3739 | D:4      | Killed Purgy
  3739 | D:4      | Reached XP level 6. HP: 27/50 MP: 1/14
  3895 | D:4      | Reached skill level 5 in Fighting
  3895 | D:4      | Reached skill level 5 in Long Blades
  3895 | D:4      | Reached skill level 5 in Dodging
  3904 | D:4      | HP: 1/51 [iguana (13)]
  3905 | D:4      | Slain by an orc

Skill      XL: |  1  2  3  4  5  6 |
---------------+-------------------+-----
Spellcasting   | 5 |  5.4
Invocations    | 1 2 |  2.2
Short Blades   | 1 2 |  2.0
Axes           | 1 2 |  2.0
Maces & Flails | 1 2 |  2.0
Polearms       | 1 2 |  2.0
Staves         | 1 2 |  2.0
Slings         | 1 2 |  2.0
Bows           | 1 2 |  2.0
Crossbows      | 1 2 |  2.0
Throwing       | 1 2 |  2.0
Stealth        | 1 2 |  2.0
Shields        | 1 2 |  2.0
Unarmed Combat | 1 2 |  2.0
Evocations     | 1 2 |  2.0
Conjurations   | 1 |  1.5
Hexes          | 1 |  1.5
Summonings     | 1 |  1.5
Necromancy     | 1 |  1.5
Translocations | 1 |  1.5
Transmutations | 1 |  1.5
Fire Magic     | 1 |  1.5
Ice Magic      | 1 |  1.5
Air Magic      | 1 |  1.5
Earth Magic    | 1 |  1.5
Poison Magic   | 1 |  1.5
Armour         | 3 |  3.2
Fighting       | 5 |  5.0
Long Blades    | 5 |  5.0
Dodging        | 5 |  5.0
Charms         | |  5.6

Action                   |  1- 3 |  4- 6 || total
-------------------------+-------+-------++-------
Melee: Falchion          |   101 |   145 ||   246
       Bite              |     9 |    20 ||    29
 Fire: Blowgun           |       |     9 ||     9
Throw: Javelin           |     3 |     1 ||     4
 Cast: Infusion          |    11 |    10 ||    21
       Shroud of Golubri |     4 |    10 ||    14
       Regeneration      |       |     6 ||     6
       Song of Slaying   |       |     2 ||     2
       Spectral Weapon   |       |     1 ||     1
  Use: Scroll            |       |     1 ||     1
 Stab: Sleeping          |     1 |     1 ||     2
  Eat: Chunk             |     2 |     9 ||    11
Armor: Leather armour    |    21 |    32 ||    53
       Troll leather arm |       |     1 ||     1
Dodge: Dodged            |    69 |   149 ||   218
       Rpst.: Falchion   |    16 |    45 ||    61
